 Dungeon Crawl Stone Soup version 0.21.1-1-g345015fe64 (webtiles) character file.

4153 Gargoyl the Envoy of Void (level 10, -2/83 HPs)
             Began as a Centaur Abyssal Knight on Apr 2, 2018.
             Was a High Priest of Lugonu.
             Killed from afar by Erica (12 damage)
             ... with an orb of energy
             ... on level 8 of the Dungeon.
             The game lasted 00:15:16 (10960 turns).

Gargoyl the Envoy of Void (Centaur Abyssal Knight) Turns: 10960, Time: 00:15:17

Health: -2/83      AC: 11    Str: 20    XL:     10   Next: 7%
Magic:  15/15      EV:  8    Int: 11    God:    Lugonu [*****.]
Gold:   415        SH:  5    Dex: 19    Spells: 9/9 levels left

rFire    . . .     SeeInvis +   a - +1 hand axe (venom)
rCold    . . .     Gourm    .   h - +1 buckler
rNeg     . . .     Faith    .   t - +2 ring mail of the Were-rabbit {rPois Str+3}
rPois    +         Spirit   .   s - +0 hat {SInv}
rElec    .         Reflect  .   l - +2 cloak
rCorr    .         Harm     .   (no gloves)
MR       .....     Clarity  +   (no barding)
Stlth    +.........             (no amulet)
HPRegen  0.23/turn              o - +3 ring of dexterity
MPRegen  0.14/turn              x - +6 ring of dexterity

@: heavily drained, very quick
A: large, hooves 3, clarity, deformed body, speed 2, tough skin 3, sturdy frame
1
a: Depart the Abyss, Bend Space, Banish, Corrupt, Enter the Abyss, Renounce
Religion


You were on level 8 of the Dungeon.
You worshipped Lugonu.
Lugonu was extremely pleased with you.
You were near starving.

You visited 1 branch of the dungeon, and saw 8 of its levels.
You visited the Abyss 1 time.
You also visited: Ossuary.

You collected 415 gold pieces.

Inventory:

Hand Weapons
 a - a +1 hand axe of venom (weapon)
Missiles
 b - 8 tomahawks (quivered)
Armour
 h - a +1 buckler (worn)
 l - a +2 cloak (worn)
 s - a +0 hat of see invisible (worn)
 t - the +2 ring mail of the Were-rabbit (worn) {rPois Str+3}
   (You found it on level 6 of the Dungeon)

   It affects your strength (+3).
   It protects you from poison.
Jewellery
 j - an uncursed ring of flight
 o - a +3 ring of dexterity (left hand)
 v - an uncursed ring of protection from fire
 x - a +6 ring of dexterity (right hand)
Wands
 n - a wand of random effects (24)
 q - a wand of acid (4)
 w - a wand of flame (24)
Scrolls
 d - a scroll of teleportation
 e - a scroll of identify
 k - 2 scrolls of remove curse
 r - a scroll of amnesia {unknown}
 u - a scroll of fear
Potions
 f - 4 potions of curing
 g - 2 potions of agility
 i - a potion of magic
 p - a potion of cancellation
 z - 3 potions of resistance
Comestibles
 c - 9 rations


   Skills:
 + Level 5.8(4.3) Fighting
 + Level 6.9(5.3) Axes
 * Level 6.9(5.3) Armour
 + Level 2.2(0.8) Dodging
 + Level 1.9(0.5) Shields
 * Level 7.0(5.5) Invocations


You had 9 spell levels left.
You didn't know any spells.

Dungeon Overview and Level Annotations

Branches:
Dungeon (8/15)             Temple (0/1) D:5
   Lair: D:8-11

Altars:
Ashenzari
Gozag
Kikubaaqudgha
Makhleb
Nemelex Xobeh
Okawaru
Qazlal
Ru
Sif Muna
Trog

Shops:
D:6 }

Annotations:
D:8 Erica; Neles's ghost, novice HOFi


Innate Abilities, Weirdness & Mutations

You have hooves in place of feet.
Armour fits poorly on your strangely shaped body.
You cover ground very quickly.
You have extremely tough skin. (AC +3)
You possess an exceptional clarity of mind.
Your movements are slightly less encumbered by armour. (ER -2)


Message History

You hit Erica.
Erica is poisoned.
Your kick misses Erica.
Erica is lightly wounded.
You block Erica's attack.
You hit Erica. Your kick misses Erica.
Erica is lightly wounded.
You completely miss Erica. You kick Erica.
Erica is moderately wounded.
Erica hits you with a scimitar of flaming.
Erica burns you.
You hit Erica.
Erica looks as sick as possible!
You kick Erica!
Erica is heavily wounded.
Erica casts a spell at you. The orb of energy hits you!
* * * LOW HITPOINT WARNING * * *
The orb of energy explodes!
You slash Erica!
Erica looks as sick as possible!
Your kick misses Erica.
Erica is severely wounded.
Erica casts a spell at you. The orb of energy hits you!
You die...

_≈# ..# ≈.# ..#
############# ≈.#
..#........@@....#
..##.....###########†#
≈.#......# #.#
..##.#.#.## #.#
≈.≈#......## #.#
.≈.#........># #.#
.....#.....#.# #>#
.......# ...# #.#
...#.#.###.#.#######<####


You could see Erica.

Vanquished Creatures
  Grinder (D:4)
  A fire elemental (D:7)
  2 fire bats (D:7)
  A steam dragon (D:5)
  An orc warrior (D:6)
  A sky beast (D:7)
  2 black bears
  A phantom (D:4)
  5 ogres
  3 centaurs
  An elf zombie (Ossuary)
  A big kobold (D:7)
  Blork the orc (D:5)
  6 bullfrogs
  A scorpion (D:7)
  8 killer bees
  2 crimson imps
  2 hounds
  2 centaur zombies (Ossuary)
  2 centaur skeletons
  4 orc priests
  A human zombie (Ossuary)
  4 orc wizards
  Crazy Yiuf (D:3)
  2 iguanas
  6 worker ants
  2 big kobold zombies (Ossuary)
  2 mummies (Ossuary)
  7 adders
  11 gnolls
  A shadow imp (D:8)
  2 adder zombies
  3 worms
  A dart slug (D:1)
  3 leopard geckos
  29 orcs
  6 giant cockroaches
  11 goblins
  8 hobgoblins
  23 jackals
  11 kobolds
  3 quokkas
  A ball python (D:3)
  10 bats
  4 frilled lizards
  13 hobgoblin zombies (Ossuary)
  2 jackal zombies (Ossuary)
  4 kobold zombies (Ossuary)
  A leopard gecko skeleton (D:7)
  8 orc zombies (Ossuary)
  7 rats
  2 rat zombies (Ossuary)
  3 fungi
240 creatures vanquished.

Vanquished Creatures (others)
  A steam dragon (D:5)
  A hornet zombie (D:5)
2 creatures vanquished.

Grand Total: 242 creatures vanquished

Notes
Turn   | Place    | Note
-------+----------+-------------------------------------------
     0 | Abyss:1  | Gargoyl the Centaur Abyssal Knight began the quest for the Orb.
     0 | Abyss:1  | Reached XP level 1. HP: 19/19 MP: 2/2
    15 | Abyss:1  | Found a corrupted altar of Lugonu.
    54 | Abyss:1  | Noticed a chaos spawn
    56 | Abyss:1  | Noticed a neqoxec
    59 | Abyss:1  | Gained mutation: You occasionally shout uncontrollably at your foes. [a neqoxec]
    90 | Abyss:2  | Noticed a sun demon
    91 | D:1      | Escaped the Abyss
   201 | D:1      | Reached * piety under Lugonu
   201 | D:1      | Reached XP level 2. HP: 19/26 MP: 3/3
   284 | D:1      | Found a shattered altar of Ashenzari.
   714 | D:1      | Reached XP level 3. HP: 22/31 MP: 4/4
  1101 | D:2      | Noticed a bullfrog
  1109 | D:2      | Killed a bullfrog
  1109 | D:2      | Reached XP level 4. HP: 24/40 MP: 4/6
  1346 | D:2      | Reached XP level 5. HP: 27/46 MP: 7/7
  1617 | D:2      | Found a sparkling altar of Nemelex Xobeh.
  1641 | D:2      | Found an ancient bone altar of Kikubaaqudgha.
  1646 | D:2      | Found a burning altar of Makhleb.
  1758 | D:2      | Reached skill level 1 in Dodging
  1870 | D:2      | Reached ** piety under Lugonu
  1908 | D:2      | Found a stormy altar of Qazlal.
  2139 | D:2      | Found a deep blue altar of Sif Muna.
  2222 | D:3      | Found an opulent altar of Gozag.
  2264 | D:3      | Reached skill level 3 in Invocations
  2278 | D:3      | Reached XP level 6. HP: 32/52 MP: 8/8
  2805 | D:3      | Found an iron altar of Okawaru.
  2926 | D:3      | Reached *** piety under Lugonu
  3198 | D:3      | Found a runed door.
  3202 | D:3      | Noticed Crazy Yiuf
  3208 | D:3      | Killed Crazy Yiuf
  3522 | D:4      | Found a sand-covered staircase.
  3530 | Ossuary  | Entered an ossuary
  3689 | Ossuary  | Reached XP level 7. HP: 44/60 MP: 9/9
  3711 | Ossuary  | Reached **** piety under Lugonu
  4116 | D:4      | Reached skill level 4 in Invocations
  4722 | D:4      | Reached XP level 8. HP: 38/67 MP: 11/11
  4752 | D:4      | Reached skill level 5 in Axes
  4977 | D:4      | Noticed Grinder
  4981 | D:4      | Paralysed by Grinder for 7 turns
  4994 | D:4      | Lost mutation: You occasionally shout uncontrollably at your foes. [potion of mutation]
  4994 | D:4      | Gained mutation: You passively map a small area around you. [potion of mutation]
  4994 | D:4      | Gained mutation: You are resistant to hostile enchantments. (MR+) [potion of mutation]
  5001 | D:4      | Paralysed by Grinder for 7 turns
  5012 | D:4      | Killed Grinder
  5012 | D:4      | Reached skill level 1 in Shields
  5012 | D:4      | Reached skill level 5 in Invocations
  5426 | D:5      | Entered Level 5 of the Dungeon
  5532 | D:5      | Lost mutation: You are resistant to hostile enchantments. (MR+) [potion of mutation]
  5532 | D:5      | Lost mutation: You passively map a small area around you. [potion of mutation]
  5532 | D:5      | Gained mutation: Your movements are slightly less encumbered by armour. (ER -2) [potion of mutation]
  5532 | D:5      | Gained mutation: You possess an exceptional clarity of mind. [potion of mutation]
  5593 | D:5      | Noticed Blork the orc
  5604 | D:5      | Killed Blork the orc
  5660 | D:5      | Reached skill level 5 in Fighting
  6001 | D:5      | Reached skill level 5 in Armour
  6758 | D:5      | Reached XP level 9. HP: 59/74 MP: 13/13
  7126 | D:5      | Found a staircase to the Ecumenical Temple.
  7638 | D:6      | Found a bloodstained altar of Trog.
  7665 | D:6      | Found Yporghiy's Gadget Emporium.
  7682 | D:6      | Reached skill level 6 in Invocations
  8089 | D:6      | Got a steaming ring mail
  8291 | D:6      | Identified the +2 ring mail of the Were-rabbit {rPois Str+3} (You found it on level 6 of the Dungeon)
  8833 | D:6      | Found a deep blue altar of Sif Muna.
  9237 | D:7      | Found a transporter.
  9532 | D:7      | Found a transporter.
  9670 | D:7      | Reached ***** piety under Lugonu
  9762 | D:7      | Reached skill level 7 in Invocations
 10389 | D:8      | Found a sacrificial altar of Ru.
 10395 | D:8      | Noticed Neles's ghost (novice HOFi)
 10398 | D:8      | Noticed Erica
 10401 | D:8      | Reached XP level 10. HP: 81/83 MP: 15/15
 10960 | D:8      | Killed from afar by Erica

Skill      XL: |  1  2  3  4  5  6  7  8  9 |
---------------+----------------------------+-----
Axes           | 2 3 4 5 6 |  6.9
Armour         | 2 3 4 5 6 |  6.9
Fighting       | 4 5 |  5.8
Dodging        | 1 2 |  2.2
Invocations    | 3 4 5 7 |  7.0
Shields        | 1 |  1.9

Action                   |  1- 3 |  4- 6 |  7- 9 | 10-12 || total
-------------------------+-------+-------+-------+-------++-------
Melee: Hand axe          |    58 |   237 |   408 |    41 ||   744
       Kick              |    13 |    53 |   132 |    12 ||   210
Throw: Tomahawk          |       |       |     1 |       ||     1
Invok: Depart the Abyss  |     1 |       |       |       ||     1
       Banish            |       |       |     2 |       ||     2
 Abil: Evoke Flight      |       |       |     1 |       ||     1
  Use: Scroll            |     3 |    11 |     7 |       ||    21
       Potion            |       |       |     7 |     1 ||     8
  Eat: Ration            |       |     2 |     2 |       ||     4
       Chunk             |       |     1 |    12 |       ||    13
Armor: Leather armour    |    42 |     5 |       |       ||    47
       Chain mail        |       |   160 |   164 |       ||   324
       Ring mail         |       |       |    82 |    18 ||   100
Dodge: Dodged            |    37 |    59 |   128 |     9 ||   233
Block: Buckler           |     3 |    50 |    73 |     7 ||   133
